 Dungeon Crawl Stone Soup version 0.26.1-11-gd32895ea62 (webtiles) character file.

Game seed: 8710343438873903393

9429 Exodus22XD the Cleaver (level 11, 0/81 HPs)
             Began as a Demonspawn Gladiator on June 6, 2021.
             Was a Follower of Uskayaw.
             Slain by a killer bee (9 damage)
             ... on level 9 of the Dungeon.
             The game lasted 00:16:31 (12073 turns).

Exodus22XD the Cleaver (Demonspawn Gladiator)      Turns: 12073, Time: 00:16:31

Health: 0/81       AC: 15    Str: 18    XL:     11   Next: 22%
Magic:  0/16       EV: 10    Int:  9    God:    Uskayaw [*.....]
Gold:   716        SH: 22    Dex: 15    Spells: 10/10 levels left

rFire    + . .     SeeInvis .   a - +0 war axe
rCold    . . .     Faith    .   g - +0 kite shield
rNeg     . . .     Spirit   +   J - +4 ring mail of Ineq {+Inv rPois}
rPois    +         Reflect  +   c - +0 helmet
rElec    .         Harm     .   h - +0 cloak {rPois}
rCorr    +         Rampage  .   s - +0 pair of gloves
Will     .....                  e - +0 pair of boots
Stlth    +.........             n - amulet of reflection
HPRegen  0.23/turn              H - ring of poison resistance
MPRegen  0.30/turn              p - ring of resist corrosion

@: no status effects
A: claws 1, large bone plates 2, fire resistance 1, magic shield, magic
regeneration, flame cloud immunity
a: Renounce Religion, Evoke Invisibility, Stomp


You were on level 9 of the Dungeon.
You worshipped Uskayaw.
Uskayaw was noncommittal.
You visited 1 branch of the dungeon, and saw 10 of its levels.

You collected 716 gold pieces.

Inventory:

Hand Weapons
 a - a +0 war axe (weapon)
 A - a +0 vorpal trident
Missiles
 d - 3 throwing nets (quivered)
Armour
 c - a +0 helmet (worn)
 e - a +0 pair of boots (worn)
 g - a +0 kite shield (worn)
 h - a +0 cloak of poison resistance (worn)
 s - a +0 pair of gloves (worn)
 J - the +4 ring mail of Ineq (worn) {+Inv rPois}
   (You found it on level 10 of the Dungeon)

   It protects you from poison.
   It lets you turn invisible.
Jewellery
 b - an uncursed amulet of regeneration {unknown}
 n - an amulet of reflection (around neck)
 p - a ring of resist corrosion (right hand)
 F - a cursed amulet of inaccuracy {unknown}
 H - a ring of poison resistance (left hand)
Wands
 j - a wand of acid (3)
 o - a wand of random effects (9)
 v - a wand of polymorph (7)
 D - a wand of iceblast (10)
 I - a wand of disintegration (9)
Scrolls
 f - 3 scrolls of fog
 i - 5 scrolls of remove curse
 l - 3 scrolls of teleportation
 q - 9 scrolls of immolation
 w - 2 scrolls of fear {unknown}
 y - 3 scrolls of magic mapping {unknown}
Potions
 k - a potion of ambrosia
 m - a potion of invisibility
 x - 2 potions of curing
 z - a potion of might {unknown}
 B - 2 potions of magic
 C - a potion of attraction {unknown}
 E - 2 potions of haste {unknown}
 G - a potion of flight {unknown}


   Skills:
 + Level 6.2 Fighting
 + Level 9.8 Axes
 - Level 1.7 Throwing
 * Level 7.1 Armour
 - Level 2.6 Dodging
 * Level 7.7 Shields
 * Level 7.8 Invocations
 + Level 1.0 Evocations


You had 10 spell levels left.
You didn't know any spells.
Your spell library contained the following spells:

 Spells                   Type           Power        Failure   Level
 Animate Skeleton         Necr           0%           86%         1
 Sting                    Tmut/Pois      0%           86%         1
 Poisonous Vapours        Pois/Air       0%           95%         2
 Alistair's Intoxication  Tmut/Pois      0%           100%        5
 Silence                  Hex/Air        0%           100%        5


Dungeon Overview and Level Annotations

Branches:
Dungeon (10/15)            Temple (0/1) D:5
   Lair: D:8-11         Orc: D:9-12

Altars:
Ashenzari
Elyvilon
Fedhas
Gozag
Kikubaaqudgha
Makhleb
Nemelex Xobeh
Qazlal
Ru
Sif Muna
Trog
Uskayaw
Vehumet
Wu Jian
Zin

Shops:
D:6 :   D:10 [[


Innate Abilities, Weirdness & Mutations

You have sharp fingernails.
You are mostly covered in large bone plates. (SH +6)
Your flesh is heat resistant. (rF+)
When hurt, damage is shared between your health and your magic reserves.
You regenerate magic rapidly.
You are immune to clouds of flame.


Message History

The killer bee stings you.
* * * LOW HITPOINT WARNING * * *
The killer bee closely misses you. x2
You climb upwards.
Reactivating autopickup.
You can no longer pass through a line of other dancers.
There is a stone staircase leading down here.
You barely miss the killer bee. You hit the killer bee.
The killer bee barely misses you.
The killer bee stings you but does no damage.
You block the killer bee's attack. The killer bee closely misses you.
You block the killer bee's attack. The killer bee stings you.
* * * LOW HITPOINT WARNING * * *
Unknown command.
You slash the killer bee!
The killer bee is moderately wounded.
You hit the killer bee. The killer bee stings you.
* * * LOW HITPOINT WARNING * * *
The killer bee stings you!
You die...

#..........#.######.#.....#
#.##.......(..###..###.<.÷#
#.####...##....##.#.#.###.#
###.####...##.....#.##.##
#.#
#.....########......##.#
#.#
#.###.########...##(##.#
#(.
#.###....))[<[...##.##.#
###
#.#.#.######y.......##.##
#.....###
#@....####...#####
#.......#
#.y..............#
#.###.#.#
#.##.#####...###.#
#.###.#.####.#...# ##.##
#.#
#.##.......[.#...#####.#
#.#
#.##..#.####.#8_8#.....#
#.#
#.##..#.####.###########
#.. #..†..........# #..
####...#####.## #..


You could see 2 killer bees.

Vanquished Creatures
  A tengu warrior (D:9)
  2 two-headed ogres
  An unseen horror (D:9)
  Joseph (D:10)
  4 trolls
  Prince Ribbit (D:8)
  Grinder (D:4)
  9 yaks
  Sigmund (D:6)
  Eustachio (D:6)
  A vampire mosquito (D:9)
  3 orc warriors
  2 ice beasts
  A necrophage (D:6)
  5 ogres
  A centaur (D:7)
  A big kobold (D:10)
  4 bullfrogs
  A water moccasin skeleton (D:9)
  A scorpion (D:5)
  6 killer bees
  3 howler monkeys
  2 bullfrog zombies
  A quasit (D:10)
  2 centaur zombies
  2 bullfrog skeletons (D:8)
  A jelly (D:6)
  A centaur skeleton (D:7)
  7 orc priests
  Crazy Yiuf (D:4)
  6 hounds
  4 iguanas
  10 orc wizards
  Jessica (D:8)
  8 worker ants
  A hound zombie (D:10)
  11 adders
  7 gnolls (D:7)
  A howler monkey skeleton (D:4)
  4 white imps
  2 ufetubi
  An ooze (D:1)
  3 adder skeletons
  An adder zombie (D:5)
  3 worms (D:2)
  A dart slug (D:4)
  5 leopard geckos
  31 orcs
  3 ball pythons
  2 bats
  6 giant cockroaches
  17 goblins
  A hobgoblin (D:1)
  8 jackals
  2 quokkas
  6 frilled lizards
  A jackal skeleton (D:5)
  7 kobolds
  A quokka zombie (D:9)
  8 rats
230 creatures vanquished.

Vanquished Creatures (others)
  A hobgoblin (D:1)
  5 plants (D:10)
6 creatures vanquished.

Grand Total: 236 creatures vanquished

Notes
Turn   | Place    | Note
-------+----------+-------------------------------------------
     0 | D:1      | Exodus22XD the Demonspawn Gladiator began the quest for the
                  | Orb.
     0 | D:1      | Reached XP level 1. HP: 16/16 MP: 1/1
   280 | D:1      | Reached skill level 3 in Axes
   280 | D:1      | Gained mutation: You are partially covered in large bone
                  | plates. (SH +4) [demonic ancestry]
   280 | D:1      | Reached XP level 2. HP: 19/22 MP: 2/2
   286 | D:1      | Reached skill level 1 in Armour
   757 | D:1      | Gained mutation: Your flesh is heat resistant. (rF+)
                  | [demonic ancestry]
   757 | D:1      | Reached XP level 3. HP: 27/27 MP: 3/3
  1745 | D:2      | Reached XP level 4. HP: 16/34 MP: 4/4
  2577 | D:3      | Reached skill level 4 in Axes
  2948 | D:4      | Noticed an ogre
  2986 | D:4      | Killed an ogre
  2987 | D:4      | Reached skill level 1 in Shields
  2987 | D:4      | Gained mutation: When hurt, damage is shared between your
                  | health and your magic reserves. [demonic ancestry]
  2987 | D:4      | Reached XP level 5. HP: 8/39 MP: 5/5
  3370 | D:4      | Found a runed translucent door.
  3371 | D:4      | Noticed Crazy Yiuf
  3472 | D:4      | Noticed Grinder
  3491 | D:4      | Killed Grinder
  3492 | D:4      | Reached skill level 5 in Axes
  3492 | D:4      | Gained mutation: You have sharp fingernails. [demonic
                  | ancestry]
  3492 | D:4      | Reached XP level 6. HP: 21/47 MP: 1/6
  3671 | D:4      | Identified Sif Muna's Disquisition on Aerial Poisoning
  3963 | D:4      | Found a radiant altar of Vehumet.
  3971 | D:4      | Found a stormy altar of Qazlal.
  3974 | D:4      | Found a burning altar of Makhleb.
  4076 | D:4      | Killed Crazy Yiuf
  4278 | D:5      | Entered Level 5 of the Dungeon
  4290 | D:5      | Reached XP level 7. HP: 44/52 MP: 5/7
  4365 | D:5      | Noticed a two-headed ogre
  4667 | D:5      | Noticed a yak
  4667 | D:5      | Noticed a yak
  4668 | D:5      | Noticed a yak
  4669 | D:5      | Noticed a yak
  4839 | D:5      | Found a hide-covered altar of Uskayaw.
  4855 | D:5      | Became a worshipper of Uskayaw the Reveller
  4892 | D:6      | Reached * piety under Uskayaw
  5055 | D:6      | Reached ** piety under Uskayaw
  5056 | D:6      | Reached skill level 1 in Invocations
  5178 | D:6      | Reached skill level 6 in Axes
  5205 | D:6      | Found a sacrificial altar of Ru.
  5365 | D:6      | Noticed Sigmund
  5395 | D:6      | Reached *** piety under Uskayaw
  5396 | D:6      | Killed Sigmund
  5397 | D:6      | Gained mutation: You regenerate magic rapidly. [demonic
                  | ancestry]
  5397 | D:6      | Reached XP level 8. HP: 23/60 MP: 3/9
  6036 | D:5      | Killed a two-headed ogre
  6037 | D:5      | Reached skill level 7 in Axes
  6037 | D:5      | Reached skill level 5 in Armour
  6199 | D:5      | Found a staircase to the Ecumenical Temple.
  6245 | D:5      | Reached XP level 9. HP: 57/66 MP: 9/12
  6245 | D:5      | Reached **** piety under Uskayaw
  6251 | D:5      | Reached ***** piety under Uskayaw
  6271 | D:5      | Reached ****** piety under Uskayaw
  6761 | D:6      | Noticed Eustachio
  6792 | D:6      | Killed Eustachio
  6872 | D:6      | Found Loewki's Book Emporium.
  7034 | D:6      | Reached skill level 8 in Axes
  7034 | D:6      | Found a shimmering blue altar of Sif Muna.
  7056 | D:6      | Reached skill level 5 in Invocations
  7056 | D:6      | Found a bloodstained altar of Trog.
  7077 | D:6      | Identified Sif Muna's Catalogue of Darkness and Moulding
  7440 | D:7      | Reached skill level 5 in Fighting
  7446 | D:7      | Got a twisted leather armour
  7457 | D:7      | Identified the cursed +0 leather armour of Wolun {Harm
                  | rElec rCorr Str-4} (You found it on level 7 of the Dungeon)
  7942 | D:7      | Reached skill level 5 in Shields
  8090 | D:8      | Found an ornate altar of the Wu Jian Council.
  8153 | D:8      | Noticed Prince Ribbit
  8163 | D:8      | Killed Prince Ribbit
  8164 | D:8      | Gained mutation: You are mostly covered in large bone
                  | plates. (SH +6) [demonic ancestry]
  8164 | D:8      | Reached XP level 10. HP: 36/74 MP: 9/14
  8373 | D:8      | Noticed Jessica
  8388 | D:8      | Killed Jessica
  8394 | D:8      | Found a shimmering blue altar of Sif Muna.
  8753 | D:8      | Found a blossoming altar of Fedhas.
  8767 | D:8      | Found a broken altar of Ashenzari.
  8775 | D:8      | Found an ancient bone altar of Kikubaaqudgha.
  8784 | D:8      | Found a glowing silver altar of Zin.
  8983 | D:9      | Noticed a tengu warrior
  8984 | D:9      | Found a sparkling altar of Nemelex Xobeh.
  8994 | D:9      | Reached skill level 9 in Axes
  9011 | D:9      | Killed a tengu warrior
  9605 | D:9      | Reached skill level 1 in Evocations
 10221 | D:9      | Found an opulent altar of Gozag.
 10430 | D:9      | Found a white marble altar of Elyvilon.
 10445 | D:9      | Killed an unseen horror
 10720 | D:10     | Entered Level 10 of the Dungeon
 10803 | D:10     | Got a bloodstained ring mail
 10814 | D:10     | Identified the +4 ring mail of Ineq {+Inv rPois} (You found
                  | it on level 10 of the Dungeon)
 11023 | D:10     | Noticed Joseph
 11041 | D:10     | Killed Joseph
 11042 | D:10     | Gained mutation: You are immune to clouds of flame.
                  | [demonic ancestry]
 11042 | D:10     | Reached XP level 11. HP: 53/81 MP: 11/16
 11255 | D:10     | Noticed a two-headed ogre
 11272 | D:10     | Killed a two-headed ogre
 11412 | D:10     | Found Jeossor's Antique Armour Boutique.
 11531 | D:10     | Found Fuaziak's Antique Armour Shoppe.
 12066 | D:10     | HP: 4/81 [killer bee (8)]
 12073 | D:9      | Slain by a killer bee

Illustrated notes

Levels and vault maps discovered:
D:1:      dpeg_arrival_circle_labyrinth_c, layout_rooms, lemuel_flame_loot_1
D:2:      layout_rooms
D:3:      layout_rooms, serial_glass, glass_columns_c, glass_columns_b
D:4:      layout_layer_cave, minmay_overflow_temple_star_quad,
          uniq_crazy_yiuf_cottage, uniq_grinder
D:5:      layout_rooms, eat_drink_and_be_merry_uskayaw,
          minmay_temple_entry_drinking_statues, grunt_ministairs_6,
          small_statue_intersection
D:6:      layout_loops_cross, nzn_overflow_gifts_of_might_and_magic,
          lemuel_coloured_pillars_altar, serial_shops, shop, serial_glass,
          glass_columns_a, glass_columns_c, corexii_corridor_pit, uniq_sigmund,
          uniq_eustachio
D:7:      layout_loops_ring
D:8:      layout_basic, kennysheep_little_box, grunt_temple_overflow_cloverleaf,
          tgw_sif, uniq_prince_ribbit1
D:9:      layout_loops_ring, grunt_gozag_breadcrumbs, enter_bailey_5,
          hangedman_feature_mirror, chequers_jeans
D:10:     layout_cave_pods, serial_shops, nicolae_shop_trees, shop,
          nicolae_trove_entry_path_of_doom, nicolae_looking_at_the_future,
          uniq_joseph

Skill      XL: |  1  2  3  4  5  6  7  8  9 10 11 |
---------------+----------------------------------+-----
Axes           | 3 4 5 6 7 8 9 |  9.8
Armour         | 1 2 3 4 5 6 7 |  7.1
Shields        | 1 2 3 4 5 7 |  7.7
Fighting       | 3 4 5 6 |  6.2
Invocations    | 1 4 5 7 |  7.8
Evocations     | 1 |  1.0
Throwing       | |  1.7
Dodging        | |  2.6

Action                   |  1- 3 |  4- 6 |  7- 9 | 10-12 || total
-------------------------+-------+-------+-------+-------++-------
Melee: War axe           |   106 |    96 |   343 |   343 ||   888
Invok: Stomp             |       |       |       |     2 ||     2
Evoke: Wand              |       |       |     2 |     5 ||     7
  Use: Scroll            |       |    12 |     1 |     6 ||    19
       Potion            |       |     3 |       |     2 ||     5
 Stab: Paralysed         |       |       |    16 |    15 ||    31
       Sleeping          |       |       |       |     1 ||     1
Armor: Leather armour    |    18 |     8 |    14 |    35 ||    75
       Ring mail         |       |    17 |    87 |   110 ||   214
Dodge: Dodged            |    71 |    49 |   165 |   118 ||   403
Block: Other             |    27 |    45 |   149 |    47 ||   268
       Reflection        |       |     3 |     2 |    21 ||    26
       Kite shield       |       |       |       |   354 ||   354
